 Dungeon Crawl Stone Soup version 0.27-a0-836-gfc908b8576 (webtiles) character file.

Game seed: 1391948660854231743

2963 robertstho the Thaumaturge (level 9, -8/75 HPs)
             Began as a Djinni Venom Mage on Mar 31, 2021.
             Killed from afar by a gargoyle (15 damage)
             ... with a stone arrow
             ... on level 7 of the Dungeon.
             The game lasted 00:18:41 (9215 turns).

robertstho the Thaumaturge (Djinni Venom Mage)      Turns: 9215, Time: 00:18:42

Health: -8/75      AC:  9    Str: 13    XL:     9   Next: 81%
Gold:   310        EV: 11    Int: 27    God:
                   SH:  0    Dex: 13

rFire    x . .     SeeInvis .   (weapon currently unavailable)
rCold    + + +     Faith    .   (shield currently unavailable)
rNeg     . . .     Spirit   .   (armour currently unavailable)
rPois    ∞         Reflect  .   (helmet currently unavailable)
rElec    .         Harm     .   (cloak currently unavailable)
rCorr    .         Rampage  .   (gloves currently unavailable)
Will     .....                  (boots unavailable)
Stlth    ++........             (no amulet)
HPRegen  0.22/turn              n - +6 ring of intelligence
MPRegen  0.00/turn              w - +6 ring of strength

@: about to teleport, ice-form, flying
A: freezing attack, flying, boosted hp, large, (fire resistance 2), (cold
vulnerability 1), float, innate caster, hp casting, extra vitality 1
a: End Transformation


You were on level 7 of the Dungeon.
You were a creature of crystalline ice.
You visited 2 branches of the dungeon, and saw 8 of its levels.

You collected 310 gold pieces.

Inventory:

Hand Weapons
 b - a +0 dagger
 c - a +0 dagger of venom
 d - a +0 falchion
 t - a +5 spear of freezing
 y - a +2 flail of holy wrath (melded)
Armour
 a - a +1 robe (melded)
 i - a +2 cloak (melded)
Magical Staves
 j - a staff of earth
Jewellery
 n - a +6 ring of intelligence (left front paw)
 p - a ring of willpower
 w - a +6 ring of strength (right front paw)
Wands
 u - a wand of flame (15)
 C - a wand of digging (2)
Scrolls
 f - a scroll of blinking
 h - 2 scrolls of teleportation
 q - 2 scrolls of torment {unknown}
 r - a scroll of silence {unknown}
 x - a scroll of enchant armour
 z - 2 scrolls of noise {unknown}
 B - a scroll of amnesia {unknown}
Potions
 e - a potion of lignification
 g - a potion of ambrosia
 k - a potion of invisibility {unknown}
 l - a potion of brilliance
 m - a potion of mutation {unknown}
 o - a potion of flight {unknown}
 s - 2 potions of haste
 v - 2 potions of heal wounds
 A - 3 potions of curing


   Skills:
 * Level 4.5 Fighting
 + Level 1.7 Short Blades
 + Level 2.0 Maces & Flails
 + Level 3.9 Dodging
 + Level 3.5 Stealth
 + Level 0.2 Unarmed Combat
 * Level 9.5 Spellcasting


You had 4 spell levels left.
You knew the following spells:

 Your Spells              Type           Power      Damage    Failure   Level
a - Sting                 Tmut/Pois      100%       1d8       1%          1
b - Poisonous Vapours     Pois/Air       100%       N/A       1%          2
c - Mephitic Cloud        Conj/Pois/Air  59%        N/A       1%          3
d - Ignite Poison         Fire/Tmut/Pois 59%        N/A       1%          3
e - Olgreb's Toxic Radia  Pois           59%        N/A       1%          4
f - Pain                  Necr           100%       1d9       1%          1
g - Wereblood             Tmut           59%        N/A       1%          2
h - Call Canine Familiar  Summ           59%        N/A       1%          3
i - Ice Form              Ice/Tmut       59%        N/A       1%          4
Your spell library was empty.

Dungeon Overview and Level Annotations

Branches:
Dungeon (7/15)             Temple (1/1) D:6

Altars:
Ashenzari
Cheibriados
Elyvilon
Fedhas
Kikubaaqudgha
Makhleb
Nemelex Xobeh
Okawaru
Qazlal
Ru
Sif Muna
Trog
Uskayaw
Vehumet
Wu Jian
Yredelemnul
Zin
The Shining One


Innate Abilities, Weirdness & Mutations

You are a creature of crystalline ice.
You have a powerful freezing melee attack.
You are flying.
Your maximum health is increased.
Your armour is entirely melded.
You are incapable of wielding weapons or throwing items.
You are immune to poison.
((Your flesh is very heat resistant. (rF++)))
((You are vulnerable to cold. (rC-)))
You float through the air rather than walking.
You learn spells naturally, not from books.
Your magical power is your life essence.
You have superior vitality. (+4 HP)


Message History

The stinking cloud engulfs the gargoyle but does no damage.
The stinking cloud engulfs the troll but does no damage.
The troll is moderately wounded.
The orc warrior is engulfed in blazing flames.
The troll is engulfed in blazing flames.
Casting: Mephitic Cloud (safe; 1% risk of failure)
Confirm with . or Enter, or press ? or * to list all spells.
You ignite the poison in your surroundings!
The orc warrior is engulfed in blazing flames.
You kill the orc warrior!
The troll is engulfed in blazing flames.
The gargoyle closely misses you.
You hit the gargoyle but do no damage.
The gargoyle hurls a stone arrow at you.
The stone arrow hits you!
The troll is engulfed in blazing flames.
You kill the troll!
Your Maces & Flails skill increases to level 2!
Unknown command.
Casting: Ignite Poison (safe; 1% risk of failure)
Confirm with . or Enter, or press ? or * to list all spells.
You turn into a creature of crystalline ice.
Your +2 flail of holy wrath melds into your body.
Your +2 cloak melds into your body.
Your +1 robe melds into your body.
Your +2 flail of holy wrath stops glowing.
The gargoyle hits you with a +0 morningstar!
You hit the gargoyle but do no damage.
The gargoyle hits you with a +0 morningstar!
* * * LOW HITPOINT WARNING * * *
An orc warrior comes into view. It is wielding a +0 trident.
You hit the gargoyle but do no damage. The gargoyle misses you.
You see here a +0 scale mail.
The gargoyle hurls a stone arrow at you.
The stone arrow hits you!
* * * LOW HITPOINT WARNING * * *
As you read the scroll of teleportation, it crumbles to dust.
You feel strangely unstable.
The gargoyle hurls a stone arrow at you.
The stone arrow hits you!
You die...

......)...
..#.....###
#..)......
#o#.°...# #...○..
# #.#..# ###
#.9.#.# ###..
##[..# ######....
#Y#### #.##....#.
#.## ##.#.......
##.# #.##......)
#.## ##.#........
..##.#
#.##..#...##
..#.###.#......###
#.##.#)##..#.### #
..#.#)#...#.# #
#.##.##..##.#


You could see a gargoyle.

Vanquished Creatures
  2 centaur zombies
  Grinder (D:3)
  A troll (D:7)
  Edmund (D:6)
  A water moccasin (D:7)
  2 orc warriors
  A hornet zombie (D:5)
  A sky beast (D:4)
  2 ogres
  3 centaurs
  A kobold brigand (D:7)
  A bullfrog (D:6)
  2 scorpions
  A wyvern zombie (D:5)
  A wight (D:7)
  A howler monkey (D:5)
  2 jellies
  2 bullfrog zombies
  3 orc priests
  A gnoll shaman (D:6)
  2 centaur skeletons (D:5)
  4 hounds
  A bullfrog skeleton (D:4)
  An orc wizard (D:3)
  2 iguanas
  Natasha (twice) (D:3)
  A hound zombie (D:5)
  6 gnolls
  10 adders
  A white imp (D:5)
  2 ufetubi (D:4)
  An adder zombie (D:5)
  5 worms
  A dart slug (D:5)
  18 orcs
  5 ball pythons
  5 bats
  7 endoplasms
  3 giant cockroaches
  5 goblins
  6 hobgoblins
  4 jackals (D:4)
  11 kobolds
  6 quokkas
  A frilled lizard (D:1)
  6 rats
146 creatures vanquished.

Notes
Turn   | Place    | Note
-------+----------+-------------------------------------------
     0 | D:1      | robertstho the Djinni Venom Mage began the quest for the
                  | Orb.
     0 | D:1      | Reached XP level 1. HP: 15/15 MP: 0/0
    43 | D:1      | Reached skill level 3 in Spellcasting
   309 | D:1      | Reached XP level 2. HP: 17/21 MP: 0/0
  1378 | D:2      | Reached XP level 3. HP: 21/25 MP: 0/0
  1378 | D:2      | Learned a level 1 spell: Pain
  1791 | D:2      | Found a sparkling altar of Nemelex Xobeh.
  2512 | D:3      | Noticed Grinder
  2554 | D:3      | Reached XP level 4. HP: 19/31 MP: 0/0
  2982 | D:3      | Reached skill level 1 in Fighting
  2982 | D:3      | Reached skill level 4 in Spellcasting
  3291 | D:3      | Killed Grinder
  3292 | D:3      | Reached skill level 1 in Short Blades
  3292 | D:3      | Reached skill level 5 in Spellcasting
  3292 | D:3      | Reached XP level 5. HP: 30/38 MP: 0/0
  3292 | D:3      | Learned a level 2 spell: Wereblood
  3292 | D:3      | Reached XP level 6. HP: 34/43 MP: 0/0
  3511 | D:3      | Noticed Natasha
  3515 | D:3      | Killed Natasha
  3933 | D:3      | Noticed Natasha
  3938 | D:3      | Killed Natasha
  4056 | D:4      | Noticed a sky beast
  4059 | D:4      | Killed a sky beast
  4060 | D:4      | Reached XP level 7. HP: 39/49 MP: 0/0
  4060 | D:4      | Learned a level 3 spell: Call Canine Familiar
  4531 | D:4      | Reached skill level 6 in Spellcasting
  5939 | D:5      | Entered Level 5 of the Dungeon
  5951 | D:5      | Identified the +3 plate armour of Axytemops {rC+ Str+2}
  5953 | D:5      | Reached XP level 8. HP: 40/55 MP: 0/0
  6111 | D:5      | Reached skill level 7 in Spellcasting
  6606 | D:5      | HP: 2/56 [centaur skeleton (1)]
  6611 | D:5      | HP: 3/84 [centaur skeleton (1)]
  7537 | D:6      | Reached skill level 8 in Spellcasting
  7541 | D:6      | Reached XP level 9. HP: 30/62 MP: 0/0
  7541 | D:6      | Learned a level 4 spell: Ice Form
  7830 | D:6      | Reached skill level 1 in Maces & Flails
  7898 | D:6      | Found a staircase to the Ecumenical Temple.
  7907 | Temple   | Entered the Ecumenical Temple
  8086 | D:6      | Noticed Edmund
  8092 | D:6      | Killed Edmund
  8293 | D:6      | Found a bloodstained altar of Trog.
  8872 | D:7      | Reached skill level 9 in Spellcasting
  9202 | D:7      | Noticed a gargoyle
  9205 | D:7      | Noticed a troll
  9209 | D:7      | Killed a troll
  9215 | D:7      | Killed from afar by a gargoyle

Illustrated notes

Levels and vault maps discovered:
D:1:      amcnicky_arrival_double_pillar, layout_rooms
D:2:      layout_loops_ring, nemelex_spade_bored_becter
D:3:      layout_basic, grunt_decor_resistance, uniq_natasha, uniq_grinder
D:4:      layout_gridville, st_stairs_9, moated_statue
D:5:      layout_basic, portal_sewer_entry_e
D:6:      layout_basic, lightli_temple_of_fire, minmay_temple_entry_mini_moons,
          uniq_edmund
D:7:      minmay_the_grid_four_pointed_star
          [minmay_the_grid_triangle_9x9_from_above,
          minmay_the_grid_triangle_9x9_flanged_cone,
          minmay_the_grid_triangle_9x9_windchime,
          minmay_the_grid_triangle_9x9_thin_v, minmay_the_grid_prize_big_room],
          layout_rooms, serial_shops, nicolae_shop_window_shopping,
          david_defended_altar_elf
Temple:   nicolae_temple_elliptical

Skill      XL: |  1  2  3  4  5  6  7  8  9 |
---------------+----------------------------+-----
Spellcasting   | 3 5 6 8 9 |  9.5
Stealth        | 2 3 |  3.5
Fighting       | 1 2 4 |  4.5
Short Blades   | 1 |  1.7
Dodging        | 3 |  3.9
Maces & Flails | 2 |  2.0
Unarmed Combat | |  0.2

Action                   |  1- 3 |  4- 6 |  7- 9 || total
-------------------------+-------+-------+-------++-------
Melee: Dagger            |    57 |    17 |    61 ||   135
       Flail             |       |       |    32 ||    32
       Unarmed           |       |       |     4 ||     4
 Cast: Sting             |    27 |     2 |       ||    29
       Poisonous Vapours |    16 |    13 |    12 ||    41
       Ignite Poison     |       |     9 |    49 ||    58
       Mephitic Cloud    |       |     7 |    68 ||    75
       Olgreb's Toxic Ra |       |     1 |    10 ||    11
       Call Canine Famil |       |       |     1 ||     1
       Ice Form          |       |       |     3 ||     3
  Use: Scroll            |       |     4 |     7 ||    11
       Potion            |       |       |     5 ||     5
 Stab: Sleeping          |     2 |       |     2 ||     4
       Confused          |       |       |     1 ||     1
Armor: Robe              |    16 |    10 |    53 ||    79
       Skin              |       |       |    31 ||    31
Dodge: Dodged            |    35 |     9 |    73 ||   117

Table legend: (Time is in decaauts)
 A = Elapsed time spent in this place.
 B = Non-inter-level travel time spent in this place.
 C = Inter-level travel time spent in this place.
 D = Time resting spent in this place.
 E = Time spent auto-exploring this place.
 F = Levels seen in this place.
 G = Mean time per level.
                   A        B        C        D        E       F      G
               +--------+--------+--------+--------+--------+-----+--------+
         Total |   9210 |   8914 |    296 |   1596 |   6202 |   8 | 1151.2 |
       Dungeon |   9044 |   8779 |    265 |   1596 |   6067 |   7 | 1292.0 |
        Temple |    165 |    135 |     30 |      0 |    135 |   1 |  165.0 |
               +--------+--------+--------+--------+--------+-----+--------+

Top non-repeatable levels by time:
     D:2: 1756 daAuts
     D:5: 1530 daAuts
     D:4: 1523 daAuts
     D:3: 1460 daAuts
     D:1: 1199 daAuts
     D:6: 1049 daAuts
     D:7: 526 daAuts
  Temple: 165 daAuts
